 Dungeon Crawl Stone Soup version 0.31-a0-117-g42d8f58691 (webtiles) character file.

Game seed: 14206762305670310841

1506 NoAnimeNoLife the Covert (level 9, 0/46 HPs)
             Began as a Kobold Brigand on May 30, 2023.
             Was a Follower of Hepliaklqana.
             Slain by a kobold brigand
             ... wielding a +0 short sword
              (4 damage)
             ... on level 5 of the Dungeon.
             The game lasted 00:09:54 (5161 turns).

NoAnimeNoLife the Covert (Kobold Brigand)           Turns: 5161, Time: 00:09:54

Health: 0/46       AC: 13    Str:  9    XL:     9   Next: 8%
Magic:  9/9        EV:  9    Int: 12    God:    Hepliaklqana [*.....]
Gold:   94         SH:  0    Dex: 20    Spells: 8/8 levels left

rFire   . . .        h - +7 lajatang of Order {silver, rMut}
rCold   + . .        (shield currently unavailable)
rNeg    . . .        o - +3 chain mail {rC+}
rPois   .            (no helmet)
rElec   .            m - +0 cloak
rCorr   .            p - +0 pair of gloves
SInv    .            (no boots)
Will    .....        (no amulet)
Stlth   +++          s - ring of flight
HPRegen 0.27/turn    q - ring of wizardry
MPRegen 0.11/turn

%: resist mutation, wizardry (x1)
@: flying
A: reduced essence, small, no large weapons, nightstalker 3
a: Renounce Religion, Recall Ancestor, Ancestor Identity


You were on level 5 of the Dungeon.
You worshipped Hepliaklqana.
Hepliaklqana was aware of your devotion.
You visited 1 branch of the dungeon, and saw 7 of its levels.

You collected 238 gold pieces.
You spent 144 gold pieces at shops.

Inventory:

Hand Weapons
 a - a +2 dagger
 h - the +7 lajatang of Order (weapon) {silver, rMut}
   (You acquired it on level 3 of the Dungeon)

   rMut:      It protects you from mutation.
Missiles
 d - 12 poisoned darts
 e - 7 curare-tipped darts (quivered)
 g - 2 throwing nets
Armour
 b - a +0 robe
 c - a +0 cloak
 l - a +0 leather armour
 m - a +0 cloak (worn)
 o - a +3 chain mail of cold resistance (worn)
 p - a +0 pair of gloves (worn)
Jewellery
 q - a ring of wizardry (right hand)
 s - a ring of flight (left hand)
 u - a +6 ring of intelligence
Wands
 t - a wand of roots (3)
Scrolls
 f - 3 scrolls of identify
 i - a scroll of fog
 j - a scroll of teleportation
 r - a scroll of poison
 v - a scroll of amnesia
 x - a scroll of vulnerability
 y - a scroll of immolation {unknown}
Potions
 k - a potion of attraction
 n - a potion of might
 w - a potion of heal wounds
 z - 2 potions of mutation
 A - a potion of curing


   Skills:
 + Level 4.6 Fighting
 - Level 5.3 Short Blades
 + Level 4.4 Staves
 - Level 2.1 Throwing
 + Level 7.3 Dodging
 - Level 8.8 Stealth


You had 8 spell levels left.
You didn't know any spells.
Your spell library contained the following spells:

 Spells                   Type           Power      Damage    Failure   Level
 Inner Flame              Hex/Fire       0%         N/A       100%        3
 Flame Wave               Conj/Fire      0%         2d4       100%        4
 Sticky Flame             Conj/Fire      0%         2d3       100%        4


Dungeon Overview and Level Annotations

Branches:
Dungeon (7/15)
 Temple: D:4-7

Altars:
Hepliaklqana
Nemelex Xobeh
Wu Jian
Xom

Shops:
D:3 !   D:6 !


Innate Abilities, Weirdness & Mutations

Your life essence is reduced to manifest your ancestor. (-10% HP)
You are small and have problems with some larger weapons.
You are completely attuned to the shadows.


Message History

You are more poisoned.
Something hits Amnanu but does no damage.
The kobold hits Amnanu with a +0 club.
Something hits Amnanu.
Something closely misses Amnanu.
Amnanu closely misses the kobold.
You feel very sick.
The kobold brigand throws a poisoned dart.
The poisoned dart barely misses you.
You feel sick.
You feel sick.
You feel sick.
You feel sick.
You feel sick.
You feel sick.
You feel sick.
You feel sick.
You feel sick.
You are no longer poisoned.
There is an open door here.
There's nothing to close nearby.
You reach down and close the door.
You start resting.
Amnanu closely misses the kobold brigand.
The kobold brigand hits you but does no damage.
Amnanu closely misses the kobold brigand.
There is an open door here.
You hit the kobold brigand but do no damage.
The kobold brigand is heavily wounded.
The kobold brigand hits you but does no damage.
Amnanu closely misses the kobold brigand.
You completely miss the kobold brigand.
The kobold brigand is heavily wounded.
The kobold brigand hits you with a +0 short sword!
* * * LOW HITPOINT WARNING * * *
Amnanu misses the kobold brigand.
You hit the kobold brigand.
The kobold brigand is severely wounded.
The kobold brigand hits you but does no damage.
Amnanu closely misses the kobold brigand.
The kobold brigand hits you with a +0 short sword.
You die...

~~~~~~~~~~~.....~~~~~~~~~~~~~~~~~
≈~≈≈≈≈≈≈≈~.....~~≈≈≈≈≈~≈≈≈≈≈≈≈≈≈≈
≈≈≈≈≈≈≈≈≈~.....~~≈≈≈≈≈≈≈≈≈≈≈≈≈≈≈≈
############''###################
#....#....)).#.........
#....#....().'.........
##....#########.........
#.)....#.R........######
+...)..@K...R)....#
#...(..#..........#
##.(..#########..... #....#
+..... #....#
#################################
≈≈≈≈≈≈≈≈≈≈≈≈≈≈≈≈≈≈≈≈≈≈≈≈≈≈≈≈≈≈≈≈≈
≈≈≈≈≈≈≈≈≈≈≈≈≈≈≈≈≈≈≈≈≈≈≈≈≈≈≈≈≈≈≈≈≈
≈≈≈≈≈≈≈≈≈≈≈≈≈≈≈≈≈≈≈≈≈≈≈≈≈≈≈≈≈≈≈≈≈


You could see the friendly Amnanu the ancestor and a kobold brigand (ally
target).

Vanquished Creatures
  Sigmund (D:4)
  Edmund (D:4)
  2 water moccasins (D:6)
  A black bear (D:4)
  An ice beast (D:5)
  3 ogres
  A centaur (D:6)
  A scorpion (D:4)
  2 orc priests (D:3)
  3 hounds
  A gnoll bouda (D:5)
  Natasha (thrice) (D:2)
  7 adders
  4 gnolls (D:5)
  A white imp (D:6)
  An ufetubus (D:6)
  4 dart slugs
  10 orcs
  3 ball pythons (D:2)
  10 bats
  4 endoplasms (D:1)
  3 giant cockroaches
  4 goblins
  10 hobgoblins
  9 jackals
  14 kobolds
  2 quokkas
  3 frilled lizards
  7 rats
116 creatures vanquished.

Vanquished Creatures (collateral kills)
  A hobgoblin (D:5)
  4 kobolds (D:5)
5 creatures vanquished.

Grand Total: 121 creatures vanquished

Notes
Turn   | Place    | Note
-------+----------+-------------------------------------------
     0 | D:1      | NoAnimeNoLife the Kobold Brigand began the quest for the
                  | Orb.
     0 | D:1      | Reached XP level 1. HP: 12/12 MP: 1/1
    62 | D:1      | Reached XP level 2. HP: 17/17 MP: 2/2
   372 | D:1      | Reached XP level 3. HP: 21/21 MP: 3/3
   595 | D:2      | Noticed Natasha
   599 | D:2      | Killed Natasha
   600 | D:2      | Reached skill level 6 in Stealth
   600 | D:2      | Reached XP level 4. HP: 26/26 MP: 4/4
  1009 | D:2      | Found a shimmering altar of Xom.
  1027 | D:2      | Noticed Natasha
  1041 | D:2      | Killed Natasha
  1042 | D:2      | Reached XP level 5. HP: 17/30 MP: 5/5
  1345 | D:2      | Found a faded altar of an unknown god.
  1716 | D:2      | Noticed Natasha
  1730 | D:2      | Killed Natasha
  2051 | D:3      | Reached skill level 5 in Short Blades
  2051 | D:3      | Reached skill level 7 in Stealth
  2051 | D:3      | Reached XP level 6. HP: 11/35 MP: 6/6
  2222 | D:3      | Found an ornate altar of the Wu Jian Council.
  2326 | D:3      | Identified a scroll of acquirement
  2453 | D:3      | Acquired the +7 lajatang of Order {silver, rMut}
  2453 | D:3      | Found the +7 lajatang of Order {silver, rMut}
  2542 | D:3      | Found Haosch Dyrgh's Distillery.
  2548 | D:3      | Bought a potion of might for 48 gold pieces
  2548 | D:3      | Bought a potion of curing for 36 gold pieces
  2592 | D:3      | Found a sparkling altar of Nemelex Xobeh.
  2952 | D:3      | Identified the +11 rapier of Insufficient Pleasure {freeze,
                  | rPois rF+ Str+3}
  3253 | D:4      | Noticed Edmund
  3270 | D:4      | Reached skill level 1 in Staves
  3270 | D:4      | Killed Edmund
  3271 | D:4      | Reached XP level 7. HP: 30/40 MP: 7/7
  3410 | D:4      | Noticed Sigmund
  3418 | D:4      | Killed Sigmund
  3419 | D:4      | Reached skill level 5 in Dodging
  3419 | D:4      | Reached skill level 8 in Stealth
  3768 | D:4      | Found a hazy altar of Hepliaklqana.
  3774 | D:4      | Became a worshipper of Hepliaklqana the Forgotten
  3792 | D:4      | Reached XP level 8. HP: 13/44 MP: 8/8
  3971 | D:4      | You are sucked into a shaft and drop 3 floors!
  4144 | D:6      | Found Vomaept's Distillery.
  4150 | D:6      | Bought a potion of heal wounds for 60 gold pieces
  4408 | D:5      | Entered Level 5 of the Dungeon
  4871 | D:5      | Reached * piety under Hepliaklqana
  5002 | D:5      | Reached XP level 9. HP: 46/46 MP: 9/9
  5161 | D:5      | Slain by a kobold brigand

Illustrated notes

Levels and vault maps discovered:
D:1:      giann_bridges, layout_rooms
D:2:      layout_loops_corners, basic_altar,
          shapermc_ecumenical_altar_totnotflames,
          chequers_serial_rivers_micro_d, minmay_tiny_reverse_x, uniq_natasha
D:3:      layout_rooms, nicolae_overflow_hidden_temple,
          nicolae_wu_jian_glorious_leap, serial_shops, shop
D:4:      layout_basic, kennysheep_little_box, uniq_sigmund, uniq_edmund
D:5:      minmay_goblin_kobold_castle, layout_basic, uniq_prince_ribbit1
D:6:      layout_cave_pods, nicolae_uskayaw_en_pointe, nicolae_ru_awakened_eye,
          serial_shops, nicolae_shop_rolling_square
D:7:      layout_basic, minmay_temple_entry_ruins

Skill      XL: |  1  2  3  4  5  6  7  8 |
---------------+-------------------------+-----
Short Blades   | 3 4 5 |  5.3
Dodging        | 2 3 4 5 7 |  7.3
Stealth        | 6 7 8 |  8.8
Staves         | 1 2 4 |  4.4
Fighting       | 4 |  4.6
Throwing       | |  2.1

Action                     |  1- 3 |  4- 6 |  7- 9 || total
---------------------------+-------+-------+-------++-------
  Melee: Dagger            |    30 |   152 |       ||   182
         Punch             |       |     1 |       ||     1
         Lajatang          |       |    14 |   106 ||   120
  Throw: Dart              |       |     1 |       ||     1
  Evoke: Wand              |       |     2 |       ||     2
    Use: Potion            |       |     8 |     1 ||     9
         Scroll            |       |     6 |     4 ||    10
   Stab: Sleeping          |    16 |    12 |     6 ||    34
         Distracted        |       |     4 |       ||     4
 Armour: Leather armour    |       |    36 |       ||    36
         Chain mail        |       |       |   103 ||   103
  Dodge: Dodged            |     7 |   110 |    76 ||   193

Table legend: (Time is in decaauts)
 A = Elapsed time spent in this place.
 B = Non-inter-level travel time spent in this place.
 C = Inter-level travel time spent in this place.
 D = Time resting spent in this place.
 E = Time spent auto-exploring this place.
 F = Levels seen in this place.
 G = Mean time per level.
                   A        B        C        D        E       F      G
               +--------+--------+--------+--------+--------+-----+--------+
         Total |   5112 |   4628 |    484 |    629 |   2993 |   7 |  730.3 |
       Dungeon |   5112 |   4628 |    484 |    629 |   2993 |   7 |  730.3 |
               +--------+--------+--------+--------+--------+-----+--------+

Top non-repeatable levels by time:
     D:2: 1461 daAuts
     D:3: 1301 daAuts
     D:4: 783 daAuts
     D:5: 578 daAuts
     D:1: 545 daAuts
     D:6: 372 daAuts
     D:7: 69 daAuts
